Map: Efflorescence LE

Players

OpuS - Winner!

  • Race: Protoss Protoss
  • League: Platinum
  • Spawn Location: 6:00

Sketchaphone - Winner!

  • Race: Zerg Zerg
  • League: Platinum
  • Spawn Location: 9:00

WWCF

  • Race: Zerg Zerg
  • League: Diamond
  • Spawn Location: 12:00

Skeeper

  • Race: Zerg Zerg
  • League: Diamond
  • Spawn Location: 3:00

VOD

Have the link to the VOD?

Description

Time

  • Played on: Feb. 12, 2019, 9:05 p.m.
  • Length: 15:10
Show
View Real Time Build Order
Export as new Build Order

OpuS Protoss - Winner!

Build Orders: 1 Gate Expand, Carriers 

Get SALT Encoding   

  12  0:01  Probe  
  13  0:13  Probe  
  14  0:21  Pylon  
  14  0:25  Probe  
  15  0:39  Probe  
  16  0:43  Gateway  
  16  0:47  Probe  
  16  0:54  Assimilator  
  16  0:55  Probe  
  18  1:06  Probe  
  19  1:15  Probe  
  20  1:32  Nexus  
  20  1:35  Pylon  
  20  1:42  Zealot  
  22  1:50  Probe  
  23  2:01  Gateway  
  23  2:03  Probe  
  24  2:14  Cybernetics Core  
  24  2:15  Probe  
  25  2:24  Pylon  
  25  2:27  Probe  
  26  2:40  Probe, Warp Gate  
  26  2:46  Probe  
  26  2:48  Assimilator  
  27  2:52  Probe  
  27  2:54  Zealot  
  27  2:56  Zealot  
  33  2:58  Probe  
  33  3:09  Gateway  
  33  3:14  Gateway  
  33  3:20  Pylon  
  33  3:24  Probe x2  
  35  3:35  Zealot  
  35  3:36  Zealot  
  39  3:42  Probe  
  39  3:43  Probe  
  41  3:48  Twilight Council  
  41  3:55  Probe  
  42  4:02  Zealot x2  
  46  4:04  Charge  
  46  4:05  Zealot  
  46  4:08  Probe  
  49  4:10  Probe  
  50  4:20  Probe  
  50  4:23  Probe  
  52  4:39  Pylon, Zealot x2  
  52  4:40  Pylon  
  52  4:41  Zealot  
  52  4:45  Zealot  
  60  4:52  Pylon  
  60  4:57  Probe x2  
  62  5:01  Stargate  
  62  5:09  Probe  
  62  5:11  Probe  
  64  5:14  Stargate  
  64  5:17  Pylon  
  64  5:21  Probe  
  64  5:23  Probe  
  66  5:28  Assimilator  
  66  5:32  Assimilator  
  66  5:33  Probe  
  66  5:35  Probe  
  64  5:47  Probe x2  
  58  5:51  Fleet Beacon  
  58  5:54  Stargate  
  58  5:55  Stargate  
  48  5:59  Probe x2  
  50  6:06  Void Ray  
  50  6:10  Void Ray  
  58  6:16  Stalker x4  
  66  6:21  Shield Battery  
  66  6:25  Shield Battery  
  66  6:27  Shield Battery  
  66  6:40  Stargate  
  66  6:46  Protoss Air Weapons Level 1  
  66  6:48  Stalker x2, Void Ray  
  66  6:49  Stalker  
  66  6:50  Stalker  
  74  7:19  Blink  
  74  7:20  Void Ray  
  74  7:21  Probe x2  
  66  7:39  Void Ray  
  66  7:42  Nexus  
  70  7:44  Pylon  
  70  7:47  Pylon, Void Ray  
  74  8:06  Stalker x2  
  74  8:07  Stalker x2  
  82  8:30  Stalker x4  
  82  8:32  Void Ray  
  94  8:34  Probe x2  
  96  8:46  Probe  
  97  8:48  Pylon  
  97  8:50  Pylon  
  97  8:52  Pylon  
  89  9:16  Stalker x4  
  71  9:24  Fleet Beacon  
  73  9:33  Probe x3  
  76  9:40  Zealot  
  76  9:41  Zealot x3  
  80  9:53  Gateway  
  80  9:57  Carrier  
  80  9:58  Gateway  
  80  9:59  Probe x2  
  83  10:00  Probe  
  83  10:01  Zealot x3  
  83  10:02  Zealot  
  97  10:18  Probe x3  
  97  10:21  Carrier  
  100  10:30  Probe x2  
  100  10:31  Probe  
  100  10:34  Carrier  
  109  10:42  Probe x2  
  110  10:43  Probe  
  110  10:48  Stalker  
  110  10:49  Protoss Air Weapons Level 2  
  120  10:50  Stalker  
  122  11:00  Probe x3  
  122  11:02  Assimilator  
  125  11:05  Assimilator  
  125  11:09  Pylon  
  125  11:11  Stalker  
  125  11:13  Stalker  
  129  11:21  Zealot x3  
  129  11:22  Zealot  
  137  11:36  Carrier  
  143  11:45  Carrier  
  129  12:02  Carrier  
  135  12:08  Robotics Facility  
  111  12:23  Nexus  
  111  12:24  Pylon  
  111  12:26  Pylon  
  107  12:30  Zealot x5  
  107  12:32  Zealot  
  119  12:42  Carrier  
  125  12:53  Carrier  
  131  13:04  Zealot x3  
  137  13:06  Zealot  
  139  13:22  Zealot x2  
  139  13:25  Carrier  
  149  13:41  Observer  
  144  13:52  Carrier  
  148  13:59  Probe x3, Stargate  
  148  14:02  Observer  
  152  14:11  Probe x2  
  154  14:20  Zealot x3  
  154  14:21  Zealot x2  
  154  14:23  Observer  
  165  14:27  Probe x3  
  168  14:39  Probe  
  168  14:45  Observer  
  173  15:03  Stargate  
  173  15:05  Stargate  
Show
View Real Time Build Order
Export as new Build Order

Sketchaphone Zerg - Winner!

Build Orders: Hatch First 

Get SALT Encoding   

  12  0:02  Drone  
  13  0:11  Drone  
  14  0:18  Overlord  
  14  0:23  Extractor  
  14  0:24  Drone  
  15  0:36  Drone  
  15  0:37  Drone  
  17  0:58  Hatchery  
  16  1:07  Drone  
  16  1:09  Extractor  
  16  1:16  Drone  
  17  1:25  Spawning Pool  
  16  1:29  Drone  
  16  1:30  Drone  
  18  1:33  Drone  
  19  1:43  Overlord  
  19  1:53  Drone  
  20  2:11  Metabolic Boost  
  20  2:13  Drone  
  20  2:14  Drone x2  
  20  2:15  Queen  
  25  2:29  Drone  
  26  2:31  Queen  
  26  2:32  Drone  
  26  2:35  Drone  
  30  2:38  Drone  
  30  2:43  Zergling x2  
  32  2:51  Evolution Chamber  
  31  2:52  Drone  
  32  3:00  Zergling x2  
  32  3:01  Zergling x2  
  32  3:05  Zergling x2  
  35  3:07  Zergling x2  
  36  3:17  Overlord, Zerg Ground Armor Level 1  
  36  3:24  Evolution Chamber, Drone  
  35  3:36  Drone  
  35  3:37  Overlord  
  36  3:44  Zergling x2  
  36  3:45  Zergling x2  
  36  3:47  Zergling x2  
  39  3:52  Zerg Melee Weapons Level 1  
  39  3:58  Overlord  
  39  3:59  Hatchery  
  39  4:01  Zergling x4  
  40  4:09  Drone  
  41  4:17  Zergling x8  
  45  4:28  Zergling x4  
  47  4:35  Zergling x4  
  49  4:41  Drone  
  49  4:44  Overlord  
  50  4:55  Zergling x2  
  50  4:56  Overlord  
  51  5:02  Queen, Zergling x2  
  51  5:04  Lair  
  54  5:12  Zergling x4  
  54  5:13  Drone  
  57  5:16  Zergling x2, Hatchery  
  57  5:17  Zergling x2  
  57  5:20  Drone x2  
  60  5:27  Drone x3  
  63  5:34  Zergling x6  
  66  5:38  Pneumatized Carapace  
  63  5:42  Zergling x8  
  63  5:44  Zergling x2  
  63  5:47  Zergling x4  
  63  5:49  Zergling x2  
  63  6:00  Zergling x4  
  64  6:04  Zerg Melee Weapons Level 2  
  64  6:06  Drone x2  
  64  6:07  Zergling x6  
  69  6:11  Zergling x2  
  69  6:12  Zergling x2  
  71  6:21  Spine Crawler  
  71  6:23  Zergling x6  
  71  6:24  Spine Crawler  
  62  6:41  Zergling x18  
  62  6:46  Zergling x2  
  62  6:48  Zergling x2  
  62  6:52  Zergling x4  
  65  6:59  Extractor  
  65  7:00  Drone x2, Extractor x2  
  64  7:06  Zergling x6  
  66  7:09  Zergling x2  
  66  7:14  Zergling x4  
  64  7:18  Spine Crawler  
  64  7:20  Zergling x2  
  59  7:26  Spire  
  58  7:39  Zergling x14  
  58  7:43  Drone  
  57  7:59  Zergling x8  
  57  8:02  Zergling x2  
  61  8:09  Spore Crawler  
  61  8:11  Spore Crawler x2, Drone x4  
  59  8:13  Zergling x4  
  57  8:38  Zerg Flyer Armor Level 1, Mutalisk x3  
  63  8:46  Mutalisk  
  65  8:48  Zergling x4  
  65  8:54  Spore Crawler  
  65  8:55  Drone  
  59  9:06  Zergling x8  
  53  9:14  Baneling Nest  
  52  9:23  Mutalisk x2  
  54  9:25  Drone  
  54  9:26  Drone  
  54  9:29  Drone  
  59  9:33  Drone  
  59  9:35  Drone  
  59  9:37  Drone  
  62  9:42  Drone x2  
  64  9:46  Drone  
  65  10:02  Zergling x2  
  65  10:04  Overlord  
  66  10:09  Hatchery  
  66  10:13  Drone  
  66  10:26  Drone x3  
  69  10:29  Spore Crawler  
  69  10:31  Overlord  
  69  10:33  Mutalisk x3, Zerg Flyer Weapons Level 1  
  74  10:37  Overlord  
  74  10:45  Centrifical Hooks  
  74  10:46  Overlord  
  74  10:48  Overlord  
  74  10:49  Overlord  
  74  10:50  Overlord  
  74  10:51  Drone  
  74  10:56  Baneling x7  
  75  10:57  Baneling  
  75  11:13  Mutalisk x4  
  83  11:26  Mutalisk  
  83  11:27  Zergling x4  
  83  11:28  Zergling x16  
  95  11:35  Zergling x4  
  93  11:55  Mutalisk  
  93  11:56  Mutalisk  
  81  12:18  Zergling x22  
  81  12:22  Zergling x6  
  84  12:33  Baneling x4  
  84  12:35  Zergling x8  
  88  12:37  Queen  
  88  12:39  Queen  
  88  12:41  Queen  
  94  12:50  Baneling x5  
  94  12:52  Baneling  
  94  12:53  Baneling x14  
  94  12:54  Zergling x16  
  102  13:10  Mutalisk x2  
  102  13:12  Zergling x8  
  110  13:18  Zergling x4  
  84  13:34  Baneling  
  84  13:35  Baneling x8  
  84  13:49  Baneling x4  
  84  13:55  Mutalisk  
  84  13:59  Drone x3  
  89  14:07  Drone x4  
  93  14:13  Mutalisk  
  95  14:21  Hatchery  
  94  14:31  Overlord x2  
  94  14:33  Overlord  
  94  14:34  Overlord  
Show
View Real Time Build Order
Export as new Build Order

WWCF Zerg 

Build Orders: Hatch First 

Get SALT Encoding   

  12  0:01  Drone  
  13  0:09  Drone  
  14  0:18  Overlord  
  14  0:40  Drone x3  
  17  0:57  Extractor  
  17  0:59  Drone, Hatchery  
  17  1:03  Drone  
  17  1:19  Spawning Pool  
  17  1:21  Drone  
  17  1:26  Drone  
  18  1:34  Overlord  
  18  1:45  Drone  
  19  1:57  Drone  
  20  2:05  Queen  
  20  2:07  Metabolic Boost  
  22  2:10  Zergling x2  
  23  2:16  Queen  
  23  2:20  Zergling x2  
  26  2:23  Drone  
  26  2:26  Drone  
  28  2:30  Drone  
  29  2:39  Drone x2  
  31  2:47  Drone  
  31  2:49  Queen  
  34  2:54  Pneumatized Carapace  
  34  2:56  Drone  
  35  2:59  Drone  
  36  3:07  Overlord  
  36  3:09  Overlord  
  36  3:14  Spore Crawler, Extractor  
  36  3:16  Drone  
  35  3:20  Drone  
  36  3:30  Drone  
  36  3:31  Drone  
  36  3:32  Drone  
  39  3:36  Queen, Zergling x4  
  39  3:39  Zergling x2  
  44  3:41  Zergling x2  
  44  3:47  Zergling x4  
  47  3:50  Zergling x4  
  47  3:52  Zergling x2  
  50  3:59  Zergling x4  
  52  4:03  Lair  
  52  4:07  Overlord  
  52  4:12  Overlord  
  52  4:16  Overlord  
  52  4:29  Drone x2  
  52  4:30  Roach Warren  
  53  4:32  Drone x2  
  53  4:34  Drone  
  56  4:42  Drone x4  
  63  5:14  Drone x7  
  67  5:28  Spire  
  66  5:29  Glial Reconstitution  
  66  5:35  Hatchery  
  66  5:38  Zergling x2  
  66  5:39  Zergling x10  
  64  5:46  Zergling x6  
  64  5:49  Extractor  
  60  5:52  Spore Crawler, Extractor  
  60  5:56  Drone x3  
  61  6:06  Zergling x2  
  61  6:07  Zergling x6  
  65  6:13  Zergling x2  
  65  6:17  Drone x2  
  68  6:19  Drone x2  
  70  6:26  Infestation Pit  
  69  6:33  Drone  
  69  6:34  Drone x3  
  69  6:39  Zergling x2  
  74  6:40  Zergling x2  
  74  6:46  Overlord  
  75  6:47  Queen  
  75  6:48  Drone x2  
  75  6:49  Drone  
  75  6:51  Drone  
  77  7:01  Zergling x2  
  77  7:02  Zergling x8  
  80  7:09  Extractor  
  80  7:10  Extractor  
  80  7:11  Spore Crawler  
  80  7:12  Spine Crawler, Drone x2  
  80  7:14  Drone  
  75  7:17  Hive  
  75  7:19  Zerg Flyer Weapons Level 1  
  75  7:22  Mutalisk x2  
  69  7:23  Mutalisk x2  
  69  7:27  Mutalisk x2  
  69  7:28  Mutalisk  
  83  7:34  Mutalisk  
  83  7:35  Mutalisk x2  
  89  7:39  Zergling x2  
  89  7:41  Overlord  
  90  7:46  Evolution Chamber  
  90  7:48  Evolution Chamber  
  90  7:49  Overseer  
  90  7:50  Evolution Chamber, Overseer  
  85  7:51  Hydralisk Den  
  85  7:55  Zergling x14  
  85  7:56  Zergling x2  
  85  7:59  Queen  
  74  8:06  Drone  
  74  8:07  Drone x3  
  74  8:09  Drone  
  74  8:10  Drone  
  76  8:15  Mutalisk  
  78  8:20  Drone  
  78  8:21  Drone  
  78  8:24  Drone  
  81  8:27  Drone  
  81  8:31  Drone x2  
  81  8:33  Drone  
  85  8:36  Drone  
  85  8:37  Drone  
  87  8:43  Drone x3  
  90  8:52  Overlord  
  90  8:55  Overlord  
  90  9:00  Overlord  
  90  9:05  Queen  
  90  9:06  Queen  
  83  9:10  Zergling x12  
  83  9:16  Zerg Melee Weapons Level 1  
  81  9:17  Zerg Missile Weapons Level 1  
  81  9:20  Grooved Spines  
  81  9:23  Zerg Ground Armor Level 1  
  81  9:32  Hydralisk x3  
  81  9:37  Overseer  
  87  9:39  Drone x3  
  87  9:40  Drone  
  91  9:52  Hatchery  
  91  9:54  Adrenal Glands  
  90  10:03  Greater Spire  
  90  10:08  Hydralisk x3  
  96  10:14  Spine Crawler  
  95  10:31  Muscular Augments  
  95  10:32  Hydralisk x4  
  103  10:36  Spine Crawler  
  103  10:38  Drone x3  
  103  10:39  Spine Crawler, Hydralisk x3  
  110  10:54  Zergling x2  
  110  10:55  Overlord, Zergling x4  
  110  10:56  Overlord  
  113  10:58  Overlord x2  
  113  11:03  Overseer  
  113  11:12  Queen  
  115  11:19  Hydralisk  
  115  11:20  Hydralisk  
  115  11:23  Hydralisk  
  121  11:28  Zerg Flyer Weapons Level 2  
  121  11:31  Extractor  
  121  11:32  Spine Crawler  
  119  11:34  Spore Crawler  
  119  11:35  Drone x3  
  119  11:37  Extractor  
  119  11:38  Spine Crawler  
  119  11:44  Hydralisk x2  
  121  11:56  Corruptor x3  
  119  12:06  Hydralisk  
  119  12:07  Hydralisk x2  
  119  12:08  Hydralisk  
  127  12:18  Hydralisk x3  
  128  12:30  Hydralisk  
  128  12:31  Hydralisk x3  
  136  12:40  Hatchery  
  136  12:44  Drone x3  
  137  12:50  Drone x3  
  137  12:51  Drone x2  
  143  13:00  Overlord, Drone  
  143  13:01  Overlord x2  
  144  13:19  Overlord  
  143  13:21  Brood Lord x3  
  149  13:29  Hydralisk x3  
  155  13:34  Overlord x2  
  155  14:01  Corruptor x4  
  155  14:02  Corruptor  
  165  14:10  Hydralisk x3  
  165  14:11  Hydralisk  
  173  14:23  Corruptor x3  
  177  14:26  Corruptor  
  181  14:33  Corruptor x2  
Show
View Real Time Build Order
Export as new Build Order

Skeeper Zerg 

Build Orders: Pool First, Lurkers 

Get SALT Encoding   

  12  0:01  Drone  
  13  0:08  Drone  
  14  0:17  Overlord  
  14  0:36  Drone x3  
  17  0:49  Spawning Pool  
  16  0:52  Drone, Extractor  
  16  0:58  Drone  
  17  1:20  Hatchery  
  17  1:23  Drone  
  17  1:26  Drone  
  18  1:36  Queen  
  20  1:44  Overlord  
  20  1:48  Drone  
  21  2:01  Roach Warren  
  20  2:03  Drone  
  21  2:08  Drone  
  22  2:17  Queen  
  24  2:29  Drone  
  25  2:32  Queen  
  27  2:47  Drone x2  
  27  2:48  Drone x3  
  32  3:02  Roach x2  
  32  3:05  Overlord  
  36  3:20  Lair  
  36  3:23  Roach  
  36  3:24  Roach x2  
  42  3:43  Drone  
  42  3:44  Drone  
  42  3:46  Overlord x2  
  44  4:05  Drone  
  44  4:06  Drone x5  
  44  4:07  Hatchery  
  49  4:28  Roach  
  49  4:29  Roach x4  
  59  4:32  Glial Reconstitution  
  59  4:35  Extractor  
  59  4:37  Extractor  
  57  4:40  Drone x3  
  57  4:43  Overlord  
  60  4:54  Overlord  
  60  5:07  Roach x4  
  62  5:10  Overlord x2  
  68  5:14  Drone  
  68  5:15  Drone  
  70  5:34  Hatchery  
  69  5:40  Roach  
  69  5:41  Roach x7  
  79  6:03  Roach  
  81  6:04  Roach x3  
  87  6:17  Roach x2  
  91  6:20  Ravager  
  91  6:22  Overlord  
  86  6:47  Ravager x2  
  86  6:48  Ravager x3  
  86  6:51  Queen, Drone x3  
  86  6:52  Overlord x2  
  96  6:59  Hydralisk Den  
  69  7:47  Muscular Augments  
  67  7:58  Hydralisk x5  
  69  7:59  Hydralisk x4  
  85  8:28  Drone  
  85  8:29  Drone x2, Extractor x2  
  85  8:30  Drone  
  85  8:31  Drone x3  
  85  8:32  Overlord x2, Drone x4  
  94  8:38  Lurker Den  
  94  8:39  Evolution Chamber  
  94  8:40  Overlord  
  94  8:41  Evolution Chamber  
  91  8:48  Hydralisk  
  91  8:49  Hydralisk x4  
  101  8:57  Extractor  
  76  9:07  Hydralisk x2  
  76  9:08  Hydralisk x2  
  83  9:26  Zerg Ground Armor Level 1  
  83  9:28  Zerg Missile Weapons Level 1  
  83  9:33  Drone x4  
  83  9:36  Drone  
  83  9:37  Drone x5  
  93  9:45  Hatchery  
  92  9:49  Queen  
  94  10:00  Infestation Pit  
  94  10:05  Lurker x3  
  94  10:06  Lurker  
  97  10:07  Lurker  
  99  10:14  Drone x5  
  99  10:15  Drone x2  
  99  10:17  Overlord  
  105  10:26  Extractor  
  104  10:30  Extractor  
  103  10:45  Hive  
  103  10:47  Grooved Spines  
  103  10:49  Drone x3  
  106  10:50  Drone x3  
  106  10:51  Drone x2  
  106  10:52  Drone x4  
  115  11:13  Queen  
  115  11:15  Queen  
  115  11:18  Pathogen Glands  
  119  11:26  Zerg Missile Weapons Level 2, Zerg Ground Armor Level 2  
  111  11:49  Burrow  
  89  11:59  Hydralisk  
  89  12:00  Hydralisk x8  
  89  12:01  Hydralisk x4  
  95  12:39  Viper  
  95  12:40  Viper x4  
  110  12:47  Drone  
  110  12:48  Drone x4  
  115  12:53  Hatchery, Drone  
  115  12:54  Drone x2  
  77  13:53  Drone x3  
  77  13:54  Drone  
  77  13:57  Viper x2  
  77  13:58  Viper x2  
  89  14:04  Drone  
  89  14:11  Drone  
  89  14:12  Drone  
Tags
 
Add a new tag
Caveats
  • Supply blocks, unpowered buildings, or Contaminate may cause inaccurate times.
  • Supply counts are checked every 10 seconds.